 Dungeon Crawl Stone Soup version 0.25-a0-697-g890751e744 (webtiles) character file.

Game seed: 12868166696652818475, levelgen mode: deterministic

2008 Glundar the Cruncher (level 9, 0/69 HPs)
             Began as a Gnoll Wanderer on Apr 1, 2020.
             Was a Believer of Okawaru.
             Slain by an orc warrior
             ... wielding a +0 halberd
              (14 damage)
             ... on level 7 of the Dungeon.
             The game lasted 00:24:42 (6330 turns).

Glundar the Cruncher (Gnoll Wanderer)               Turns: 6330, Time: 00:24:42

Health: 0/69       AC: 13    Str: 18    XL:     9   Next: 22%
Magic:  15/15      EV:  9    Int: 14    God:    Okawaru [**....]
Gold:   243        SH:  0    Dex: 15    Spells: 16/16 levels left

rFire    . . .     SeeInvis .   a - +2 quarterstaff
rCold    + . .     Gourm    .   (shield currently unavailable)
rNeg     . . .     Faith    .   k - +0 chain mail
rPois    .         Spirit   .   q - +0 helmet
rElec    .         Reflect  .   E - +0 cloak
rCorr    .         Harm     .   x - +1 pair of gloves
MR       .....                  (no boots)
Stlth    ..........             (no amulet)
HPRegen  0.21/turn              (no ring)
MPRegen  0.14/turn              z - ring of protection from cold

@: no status effects
A: distributed training, fangs 1, strong nose
a: Heroism, Renounce Religion


You were on level 7 of the Dungeon.
You worshipped Okawaru.
Okawaru was pleased with you.
You were not hungry.

You visited 2 branches of the dungeon, and saw 8 of its levels.

You collected 243 gold pieces.

Inventory:

Hand Weapons
 a - a +2 quarterstaff (weapon)
 b - a +0 shortbow
 w - a +3 falchion of holy wrath
 H - a +0 hunting sling
Missiles
 e - 188 stones
 g - 16 poisoned darts
 F - 37 sling bullets
 I - 71 arrows (quivered)
Armour
 k - a +0 chain mail (worn)
 q - a +0 helmet (worn)
 t - a +0 ring mail of fire resistance
 x - a +1 pair of gloves (worn)
 E - a +0 cloak (worn)
Jewellery
 z - a ring of protection from cold (right hand)
Wands
 c - a wand of disintegration (15)
 C - a wand of iceblast (8)
Scrolls
 i - 2 scrolls of teleportation
 j - a scroll of fog
 o - a scroll of enchant weapon
 y - a scroll of amnesia {unknown}
 G - a scroll of remove curse
Potions
 l - a potion of heal wounds
 m - a potion of berserk rage {unknown}
 n - 3 potions of haste {unknown}
 p - 3 potions of ambrosia
 s - a potion of cancellation {unknown}
 u - 2 potions of might
 v - a potion of lignification {unknown}
 A - 2 potions of degeneration
 B - a potion of resistance
 D - a potion of brilliance {unknown}
Comestibles
 f - 9 rations


   Skills:
 + Level 6.1 Fighting
 + Level 4.0 Short Blades
 + Level 4.0 Long Blades
 + Level 4.0 Axes
 + Level 4.0 Maces & Flails
 + Level 6.1 Polearms
 + Level 9.4 Staves
 + Level 4.0 Slings
 + Level 4.0 Bows
 + Level 4.0 Crossbows
 + Level 4.8 Throwing
 + Level 4.0 Armour
 + Level 4.0 Dodging
 + Level 4.0 Stealth
 + Level 4.8 Shields
 + Level 4.0 Unarmed Combat
 + Level 4.0 Spellcasting
 + Level 3.2 Conjurations
 + Level 3.2 Hexes
 + Level 3.2 Charms
 + Level 3.2 Summonings
 + Level 3.2 Necromancy
 + Level 3.2 Translocations
 + Level 3.2 Transmutations
 + Level 3.2 Fire Magic
 + Level 3.2 Ice Magic
 + Level 3.2 Air Magic
 + Level 3.2 Earth Magic
 + Level 3.2 Poison Magic
 + Level 4.3 Invocations
 + Level 4.0 Evocations


You had 16 spell levels left.
You didn't know any spells.
Your spell library contained the following spells:

 Spells                   Type           Power        Failure   Level  Hunger
 Animate Skeleton         Necr           N/A          54%         1    None
 Apportation              Tloc           ##....       54%         1    None
 Corona                   Hex            ##.....      54%         1    None
 Summon Small Mammal      Summ           ##..         54%         1    None


Dungeon Overview and Level Annotations

Branches:
Dungeon (7/15)             Temple (1/1) D:5

Altars:
Ashenzari
Cheibriados
Dithmenos
Elyvilon
Fedhas
Gozag
Hepliaklqana
Kikubaaqudgha
Makhleb
Nemelex Xobeh
Okawaru
Qazlal
Ru
Trog
Vehumet
Wu Jian
Xom
Yredelemnul
Zin
The Shining One


Innate Abilities, Weirdness & Mutations

Your experience applies equally to all skills.
You have very sharp teeth.
Your uncanny sense of smell can sniff out nearby items.


Message History

You closely miss the orc warrior.
The orc warrior hits you but does no damage.
You barely miss the orc warrior.
The orc warrior hits you but does no damage.
You sock the orc warrior! Your bite misses the orc warrior.
The orc warrior is moderately wounded.
You hit the orc warrior.
The orc warrior is moderately wounded.
The orc warrior hits you with a +0 halberd!
You hit the orc warrior.
The orc warrior is heavily wounded.
The orc warrior closely misses you.
You barely miss the orc warrior.
The orc warrior is heavily wounded.
The orc warrior hits you with a +0 halberd!
* * * LOW HITPOINT WARNING * * *
There is a stone staircase leading down here.
There is a stone staircase leading up, spattered with blood here.
The orc warrior hits you from afar with a +0 halberd!
You die...

###########
.......!...#
...........##
............ #
...........#.#####
...:......@.......
.........>....####
........o...#.#
.......)...## #
..............#
...........####
......[....#
...........#
...........#


You could see an orc warrior.

Vanquished Creatures
  A hippogriff (D:5)
  Sigmund (D:2)
  A water moccasin (D:6)
  3 ice beasts
  A black bear (D:6)
  A phantom (D:4)
  A necrophage (D:5)
  An ogre (D:5)
  2 centaurs
  2 bullfrogs (D:5)
  A scorpion (D:4)
  2 bullfrog zombies
  2 orc priests (D:6)
  2 hounds
  An iguana (D:5)
  3 orc wizards
  4 worker ants
  A killer bee zombie (D:5)
  A hound zombie (D:7)
  Robin (D:2)
  3 gnolls
  3 adders
  A shadow imp (D:6)
  2 oozes
  2 worms
  3 leopard geckos
  17 orcs
  2 bats
  6 giant cockroaches
  8 hobgoblins
  3 jackals (D:1)
  5 quokkas
  A ball python (D:2)
  2 frilled lizards
  12 goblins
  4 kobolds
  A leopard gecko skeleton (D:5)
  11 rats
118 creatures vanquished.

Vanquished Creatures (others)
  A giant cockroach (D:5)
  A quokka (D:5)
2 creatures vanquished.

Grand Total: 120 creatures vanquished

Notes
Turn   | Place    | Note
-------+----------+-------------------------------------------
     0 | D:1      | Glundar the Gnoll Wanderer began the quest for the Orb.
     0 | D:1      | Glundar set off with the following items: a +2
                  | quarterstaff, a scroll of teleportation, a +0 spear, a +0
                  | robe, a ration
     0 | D:1      | Reached XP level 1. HP: 20/20 MP: 1/1
   247 | D:1      | Reached XP level 2. HP: 25/26 MP: 2/2
  1104 | D:2      | Reached XP level 3. HP: 31/31 MP: 3/3
  1440 | D:2      | Noticed Robin
  1449 | D:2      | Killed Robin
  1449 | D:2      | Reached skill level 1 in Invocations
  1695 | D:2      | Reached skill level 1 in Short Blades
  1695 | D:2      | Reached skill level 1 in Long Blades
  1695 | D:2      | Reached skill level 1 in Axes
  1695 | D:2      | Reached skill level 1 in Maces & Flails
  1695 | D:2      | Reached skill level 1 in Slings
  1695 | D:2      | Reached skill level 1 in Bows
  1695 | D:2      | Reached skill level 1 in Crossbows
  1695 | D:2      | Reached skill level 1 in Armour
  1695 | D:2      | Reached skill level 1 in Dodging
  1695 | D:2      | Reached skill level 1 in Stealth
  1695 | D:2      | Reached skill level 1 in Unarmed Combat
  1695 | D:2      | Reached skill level 1 in Spellcasting
  1695 | D:2      | Reached skill level 1 in Evocations
  1695 | D:2      | Reached XP level 4. HP: 38/38 MP: 5/5
  1754 | D:2      | Found a shadowy altar of Dithmenos,
  1875 | D:2      | Noticed Sigmund
  1898 | D:2      | Killed Sigmund
  1898 | D:2      | Reached skill level 1 in Conjurations
  1898 | D:2      | Reached skill level 1 in Hexes
  1898 | D:2      | Reached skill level 1 in Charms
  1898 | D:2      | Reached skill level 1 in Summonings
  1898 | D:2      | Reached skill level 1 in Necromancy
  1898 | D:2      | Reached skill level 1 in Translocations
  1898 | D:2      | Reached skill level 1 in Transmutations
  1898 | D:2      | Reached skill level 1 in Fire Magic
  1898 | D:2      | Reached skill level 1 in Ice Magic
  1898 | D:2      | Reached skill level 1 in Air Magic
  1898 | D:2      | Reached skill level 1 in Earth Magic
  1898 | D:2      | Reached skill level 1 in Poison Magic
  1898 | D:2      | Reached XP level 5. HP: 18/43 MP: 5/7
  1898 | D:2      | Reached XP level 6. HP: 22/50 MP: 5/8
  3023 | D:4      | Reached skill level 5 in Fighting
  3023 | D:4      | Reached skill level 5 in Polearms
  3057 | D:4      | Noticed a phantom
  3297 | D:4      | Killed a phantom
  3297 | D:4      | Reached XP level 7. HP: 51/56 MP: 10/10
  3482 | D:5      | Entered Level 5 of the Dungeon
  3652 | D:5      | Found a staircase to the Ecumenical Temple,
  3656 | Temple   | Entered the Ecumenical Temple
  3947 | Temple   | Became a worshipper of Warmaster Okawaru
  4302 | D:5      | Found a transporter,
  4324 | D:5      | Found a transporter,
  4460 | D:5      | Found a white marble altar of Elyvilon,
  4750 | D:5      | Reached skill level 9 in Staves
  5036 | D:5      | Reached * piety under Okawaru
  5036 | D:5      | Reached XP level 8. HP: 35/63 MP: 12/12
  5263 | D:6      | Noticed a hippogriff
  5272 | D:5      | Killed a hippogriff
  5322 | D:5      | Reached ** piety under Okawaru
  5561 | D:6      | Reached XP level 9. HP: 55/69 MP: 14/14
  6330 | D:7      | Slain by an orc warrior

Levels and vault maps discovered:
D:1:      wander_arrival_estate, layout_basic
D:2:      layout_rooms, nicolae_dithmenos_through_a_glass_darkly,
          serial_aquarium, aquarium_bridge_long_joined [aquarium_subvault_wall,
          aquarium_subvault_bridge, aquarium_subvault_wall,
          aquarium_subvault_wall, aquarium_subvault_window,
          aquarium_subvault_wall], aquarium_window_fake, aquarium_window_1,
          aquarium_view_2b, aquarium_balcony_1b, uniq_robin, uniq_sigmund
D:3:      layout_rooms, minmay_statues_item
D:4:      layout_basic, serial_glass, glass_columns_a, glass_columns_c,
          first_ration
D:5:      gammafunk_cloud_chamber, layout_loops_cross, elyvilon_altar_4,
          minmay_temple_entry_sparse_star, st_stairs_12
D:6:      layout_rooms, serial_bayou, serial_bayou_shore_b, serial_bayou_pond_a,
          serial_bayou_lagoon_a, serial_bayou_pond_a, kennysheep_small_circle
D:7:      layout_basic, gammafunk_temple_overflow_wave, grunt_livestock,
          sigmund_army
Temple:   dpeg_five_rooms_temple

Skill      XL: |  1  2  3  4  5  6  7  8  9 |
---------------+----------------------------+-----
Invocations    | 1 2 3 4 |  4.3
Short Blades   | 1 2 3 4 |  4.0
Long Blades    | 1 2 3 4 |  4.0
Axes           | 1 2 3 4 |  4.0
Maces & Flails | 1 2 3 4 |  4.0
Slings         | 1 2 3 4 |  4.0
Bows           | 1 2 3 4 |  4.0
Crossbows      | 1 2 3 4 |  4.0
Armour         | 1 2 3 4 |  4.0
Dodging        | 1 2 3 4 |  4.0
Stealth        | 1 2 3 4 |  4.0
Unarmed Combat | 1 2 3 4 |  4.0
Spellcasting   | 1 2 3 4 |  4.0
Evocations     | 1 2 3 4 |  4.0
Throwing       | 3 4 |  4.8
Shields        | 3 4 |  4.8
Conjurations   | 1 2 3 |  3.2
Hexes          | 1 2 3 |  3.2
Charms         | 1 2 3 |  3.2
Summonings     | 1 2 3 |  3.2
Necromancy     | 1 2 3 |  3.2
Translocations | 1 2 3 |  3.2
Transmutations | 1 2 3 |  3.2
Fire Magic     | 1 2 3 |  3.2
Ice Magic      | 1 2 3 |  3.2
Air Magic      | 1 2 3 |  3.2
Earth Magic    | 1 2 3 |  3.2
Poison Magic   | 1 2 3 |  3.2
Fighting       | 5 6 |  6.1
Polearms       | 5 6 |  6.1
Staves         | 9 |  9.4

Action                   |  1- 3 |  4- 6 |  7- 9 || total
-------------------------+-------+-------+-------++-------
Melee: Quarterstaff      |    99 |   118 |   236 ||   453
       Bite              |     7 |    16 |    29 ||    52
 Fire: Shortbow          |       |       |     2 ||     2
  Use: Scroll            |       |       |     6 ||     6
  Eat: Chunk             |     2 |     2 |    10 ||    14
       Ration            |       |     1 |       ||     1
Armor: Chain mail        |    39 |    69 |   149 ||   257
       Robe              |     5 |       |       ||     5
Dodge: Dodged            |    36 |    41 |   118 ||   195

Table legend:
 A = Non-vault XP
 B = Vault XP
 C = Vault XP percentage of total XP
 D = Non-vault monster count
 E = Vault monster count
 F = Vault count percentage of total count
                 A         B        C        D         E       F
            +---------+---------+-------+---------+---------+-------
      Total |    2311 |     558 |  19.4 |     102 |      16 |  13.6
            +---------+---------+-------+---------+---------+-------
        D:1 |      33 |       0 |   0.0 |      19 |       0 |   0.0
        D:2 |      36 |     256 |  87.7 |      11 |      12 |  52.2
        D:3 |      59 |       0 |   0.0 |      17 |       0 |   0.0
        D:4 |     273 |       0 |   0.0 |      11 |       0 |   0.0
        D:5 |    1092 |     302 |  21.7 |      26 |       4 |  13.3
        D:6 |     794 |       0 |   0.0 |      16 |       0 |   0.0
        D:7 |      24 |       0 |   0.0 |       2 |       0 |   0.0
            +---------+---------+-------+---------+---------+-------
